 Dungeon Crawl Stone Soup version 0.23.2 (webtiles) character file.

Game seed: 17213422430046419102

3788 Borgoz the Sneak (level 10, -4/83 HPs)
             Began as a Ghoul Assassin on Apr 4, 2019.
             Was a Follower of Ashenzari.
             Killed by divine providence
             ... invoked by an orc priest
              (16 damage)
             ... on level 8 of the Dungeon.
             The game lasted 00:15:22 (8171 turns).

Borgoz the Sneak (Ghoul Assassin)                   Turns: 8171, Time: 00:15:24

Health: -4/83      AC: 10    Str: 16      XL:     10   Next: 16%
Magic:  9/9        EV: 12    Int:  5 (7)  God:    Ashenzari [*.....]
Gold:   452        SH:  0    Dex: 12      Spells: 9/9 levels left

rFire    + + .     SeeInvis .   b - +2 dagger (elec)
rCold    . . .     Gourm    .   (no shield)
rNeg     + + +     Faith    .   d - +0 fire dragon scales
rPois    ∞         Spirit   .   (no helmet)
rElec    .         Reflect  .   q - +2 cloak
rCorr    .         Harm     .   v - +0 pair of gloves
MR       .....                  (no boots)
Stlth    ++........             (no amulet)
HPRegen  0.00/turn              (no ring)
MPRegen  0.11/turn              (no ring)

@: corroded, rotting
A: rotting body, claws 1, carnivore, cold resistance 1, negative energy
resistance 3, inhibited regeneration, torment resistance, unbreathing
a: Curse Item, Scrying, Renounce Religion


You were on level 8 of the Dungeon.
You worshipped Ashenzari.
Ashenzari was aware of your devotion.
You were not hungry.

You visited 2 branches of the dungeon, and saw 10 of its levels.
You also visited: Sewer.

You collected 452 gold pieces.

Inventory:

Hand Weapons
 a - a +1 short sword of draining
 b - a +2 dagger of electrocution (weapon)
 l - a +2 quarterstaff of chaos
 s - a +0 blowgun
 D - a +2 vampiric dagger
Missiles
 c - 11 javelins (quivered)
 e - 56 poisoned needles
 f - 2 curare-tipped needles
 n - 2 throwing nets
 p - 18 tomahawks
 L - 8 needles of confusion
Armour
 d - +0 fire dragon scales (worn)
 q - a +2 cloak (worn)
 v - a +0 pair of gloves (worn)
 E - the +5 ring mail "Vogosorgh" {rPois rC+ rN+ Int+3}
   (You found it on level 7 of the Dungeon)

   It affects your intelligence (+3).
   It protects you from cold.
   It protects you from poison.
   It protects you from negative energy.
Jewellery
 G - a +5 ring of protection
 H - an uncursed amulet of the acrobat
Wands
 F - a wand of digging (6)
 I - a wand of disintegration (15)
Scrolls
 i - 3 scrolls of remove curse
 k - a scroll of immolation {unknown}
 m - a scroll of amnesia {unknown}
 o - 6 scrolls of teleportation
 u - 3 scrolls of identify
 y - a scroll of fear {unknown}
 B - 2 scrolls of fog {unknown}
 C - a scroll of enchant weapon {unknown}
 J - a scroll of silence {unknown}
Potions
 h - 2 potions of might
 r - 2 potions of flight
 t - 2 potions of mutation
 z - a potion of berserk rage {unknown}
 A - a potion of magic {unknown}
Comestibles
 g - 16 rations
 j - 3 chunks of flesh


   Skills:
 + Level 5.9 Fighting
 * Level 6.8 Short Blades
 - Level 1.7 Throwing
 * Level 6.4 Armour
 * Level 6.6 Dodging
 + Level 7.4 Stealth


You had 9 spell levels left.
You didn't know any spells.
Your spell library contained the following spells:

 Spells                   Type           Power        Failure   Level  Hunger
 Animate Skeleton         Necr           N/A          91%         1    ##.....
 Apportation              Tloc           #.....       91%         1    ##.....
 Confusing Touch          Hex            #.....       91%         1    ##.....
 Summon Small Mammal      Summ           #...         91%         1    ##.....


Dungeon Overview and Level Annotations

Branches:
Dungeon (9/15)             Temple (1/1) D:4
   Lair: D:8-11         Orc: D:9-12

Altars:
Ashenzari
Cheibriados
Dithmenos
Elyvilon
Fedhas
Gozag
Hepliaklqana
Makhleb
Nemelex Xobeh
Okawaru
Qazlal
Sif Muna
Trog
Uskayaw
Vehumet
Wu Jian
Xom
Yredelemnul
Zin
The Shining One

Annotations:
D:5 1 runed translucent door, night's ghost, novice DsWz


Innate Abilities, Weirdness & Mutations

Your body is rotting away.
You thrive on raw meat.
You are immune to poison.
You have sharp fingernails.
You are carnivorous and can eat meat at any time.
Your flesh is cold resistant. (rC+)
You are immune to negative energy. (rN+++)
You do not regenerate when monsters are visible.
You are immune to unholy pain and torment.
You can survive without breathing.


Message History

You hit the orc warrior but do no damage.
Lightning courses through the orc warrior!
The orc warrior is heavily wounded.
You hit the orc warrior but do no damage.
Lightning courses through the orc warrior!
The orc warrior is almost dead.
The orc priest begins to cast a cantrip, but forgets the words!
You closely miss the orc warrior.
The orc warrior is almost dead.
The orc priest hits you.
The orc warrior hits you with a +0 short sword!!
* * * LOW HITPOINT WARNING * * *
It was a potion of mutation.
You feel extremely strange.
Your body decomposes!
You feel dopey.
Your body decomposes!
You feel dopey.
The orc priest mumbles some strange prayers to Beogh against you.
Beogh smites you!
You die...

### #.... #..
#.!.#######. ##.
##...#....#...## #.
####........ ....#.# #.
##.........# .......###
##......o..# .......##
#.....ooo..# ...##......
........@..##.#........[.
..##.........#.......)[.
##.....##....#.....÷.
##....# # ###.....
#....## #...... ####....#
#...... ###..##.#.#
.......#
#.......#.##.............
#.........#....##.###....


You could see an orc warrior, 2 orc priests and an orc wizard.

Vanquished Creatures
  Erica (D:8)
  Grinder (D:5)
  2 sky beasts (D:7)
  A black bear (D:7)
  Purgy (Sewer)
  2 ice beasts
  2 ogres
  A centaur (D:7)
  A big kobold (D:7)
  5 bullfrogs
  3 killer bees (D:7)
  2 scorpions
  5 wights (D:8)
  3 howler monkeys
  3 crimson imps
  A bullfrog zombie (D:7)
  3 jellies
  3 orc priests
  A centaur skeleton (D:7)
  Crazy Yiuf (D:3)
  A bullfrog skeleton (D:6)
  A gnoll shaman (D:3)
  4 hounds
  2 iguanas
  4 orc wizards
  Jessica (D:2)
  Terence (D:2)
  5 worker ants
  A hound zombie (D:7)
  Robin (D:4)
  6 adders
  10 gnolls
  A river rat (D:6)
  2 shadow imps
  An ooze (D:5)
  3 adder skeletons
  2 worms
  A dart slug (D:1)
  A leopard gecko (D:6)
  20 orcs
  3 ball pythons
  7 giant cockroaches
  12 goblins
  9 hobgoblins
  7 jackals
  13 kobolds
  7 quokkas
  4 bats
  5 frilled lizards
  2 leopard gecko zombies
  2 quokka zombies
  8 rats
189 creatures vanquished.

Notes
Turn   | Place    | Note
-------+----------+-------------------------------------------
     0 | D:1      | Borgoz the Ghoul Assassin began the quest for the Orb.
     0 | D:1      | Reached XP level 1. HP: 17/17 MP: 0/0
   117 | D:1      | Reached skill level 1 in Dodging
   291 | D:1      | Reached XP level 2. HP: 11/24 MP: 1/1
   692 | D:1      | Reached XP level 3. HP: 27/30 MP: 2/2
   765 | D:1      | Reached skill level 1 in Armour
  1416 | D:2      | Noticed Jessica
  1432 | D:2      | Killed Jessica
  1432 | D:2      | Reached XP level 4. HP: 31/37 MP: 3/3
  1603 | D:2      | Noticed Terence
  1624 | D:2      | Killed Terence
  1823 | D:3      | Reached XP level 5. HP: 42/44 MP: 4/4
  1828 | D:3      | Found a sparkling altar of Nemelex Xobeh.
  2459 | D:3      | Noticed a +0 dagger
  2461 | D:3      | Noticed a +0 hand axe
  2462 | D:3      | Found a hide-covered altar of Uskayaw.
  2656 | D:3      | Reached XP level 6. HP: 32/51 MP: 5/5
  2658 | D:3      | Reached skill level 5 in Stealth
  2703 | D:3      | Found a runed translucent door.
  2704 | D:3      | Noticed Crazy Yiuf
  2721 | D:3      | Killed Crazy Yiuf
  3414 | D:4      | Found a staircase to the Ecumenical Temple.
  3448 | Temple   | Entered the Ecumenical Temple
  3457 | Temple   | Became a worshipper of Ashenzari the Shackled
  3782 | D:4      | Noticed Robin
  3905 | D:4      | Killed Robin
  4053 | D:4      | Found a snail-covered altar of Cheibriados.
  4055 | D:4      | Found a shimmering altar of Xom.
  4055 | D:4      | Found a hide-covered altar of Uskayaw.
  4065 | D:4      | Reached XP level 7. HP: 57/57 MP: 6/6
  4067 | D:4      | Found a sparkling altar of Nemelex Xobeh.
  4067 | D:4      | Found a shadowy altar of Dithmenos.
  4067 | D:4      | Found a stormy altar of Qazlal.
  4264 | D:5      | Entered Level 5 of the Dungeon
  4505 | D:5      | HP: 1/57 [orc wizard/magic dart (8)]
  5121 | D:5      | Noticed Grinder
  5129 | D:5      | Paralysed by Grinder for 6 turns
  5152 | D:5      | Paralysed by Grinder for 7 turns
  5160 | D:5      | Killed Grinder
  5249 | D:5      | Reached XP level 8. HP: 35/65 MP: 7/7
  5414 | D:5      | Found a runed translucent door.
  5415 | D:5      | Noticed night's ghost (novice DsWz)
  5603 | D:6      | Found a glowing drain.
  5704 | Sewer    | Entered a sewer
  5794 | Sewer    | Noticed Purgy
  5796 | Sewer    | Killed Purgy
  6092 | D:6      | Reached skill level 6 in Stealth
  6262 | D:6      | Reached skill level 5 in Short Blades
  6406 | D:6      | Found a white marble altar of Elyvilon.
  6472 | D:6      | Found a basalt altar of Yredelemnul.
  6476 | D:6      | Reached * piety under Ashenzari
  6509 | D:6      | Found a shadowy altar of Dithmenos.
  6838 | D:7      | Reached skill level 5 in Dodging
  6849 | D:7      | Reached XP level 9. HP: 63/72 MP: 8/8
  6866 | D:7      | Got the uncursed ring mail "Vogosorgh" {rPois rC+ rN+
                  | Int+3}
  6937 | D:7      | Reached skill level 5 in Armour
  7116 | D:7      | Reached skill level 5 in Fighting
  7805 | D:8      | Reached skill level 7 in Stealth
  8024 | D:8      | Noticed Erica
  8064 | D:8      | Killed Erica
  8064 | D:8      | Reached XP level 10. HP: 26/83 MP: 9/9
  8171 | D:8      | Killed from afar by an orc priest

Skill      XL: |  1  2  3  4  5  6  7  8  9 |
---------------+----------------------------+-----
Dodging        | 1 2 3 4 5 6 |  6.6
Short Blades   | 2 3 4 5 6 |  6.8
Armour         | 1 2 3 4 6 |  6.4
Fighting       | 3 4 5 |  5.9
Stealth        | 5 6 7 |  7.4
Throwing       | |  1.7

Action                   |  1- 3 |  4- 6 |  7- 9 | 10-12 || total
-------------------------+-------+-------+-------+-------++-------
Melee: Short sword       |   122 |   186 |   102 |       ||   410
       Dagger            |       |       |   488 |    10 ||   498
Throw: Javelin           |       |     1 |       |       ||     1
  Use: Scroll            |       |     7 |     1 |       ||     8
       Potion            |       |     7 |     5 |     1 ||    13
 Stab: Sleeping          |       |       |     4 |       ||     4
  Eat: Chunk             |     5 |    11 |    19 |       ||    35
Armor: Scale mail        |    50 |    98 |    88 |       ||   236
       Fire dragon scale |       |       |   173 |     2 ||   175
Dodge: Dodged            |    61 |   107 |   241 |     1 ||   410
